 Dungeon Crawl Stone Soup version 0.19.5 (webtiles) character file.

389 ronnoc the Purveyor of Pain (level 6, -3/42 HPs)
             Began as a Demonspawn Necromancer on Apr 9, 2017.
             Was an Initiate of Kikubaaqudgha.
             Slain by a hog (11 damage)
             ... on level 7 of the Dungeon.
             The game lasted 00:13:07 (5615 turns).

ronnoc the Purveyor of Pain (DsNe)                  Turns: 5615, Time: 00:13:08

Health: -3/42      AC:  3    Str:  8    XL:     6   Next: 50%
Magic:  5/11       EV: 12    Int: 19    God:    Kikubaaqudgha [......]
Gold:   230        SH:  0    Dex: 13    Spells: 4 memorised, 2 levels left

rFire  . . .     SeeInvis .     v - +2 dagger (venom)
rCold  + . .     Gourm    .     C - +0 leather armour
rNeg   + . .     Faith    .     (no shield)
rPois  .         Spirit   .     (no helmet)
rElec  .         Reflect  .     (no cloak)
rCorr  .         Harm     .     (no gloves)
MR     .....                    (no boots)
Stlth  ++........               (no amulet)
                                (no ring)
                                w - ring of positive energy

@: no status effects
A: cold resistance 1, freezing cloud immunity
a: Renounce Religion


You were on level 7 of the Dungeon.
You worshipped Kikubaaqudgha.
Kikubaaqudgha was noncommittal.
You were not hungry.

You visited 2 branches of the dungeon, and saw 6 of its levels.

You collected 230 gold pieces.

Inventory:

Hand Weapons
 d - a +0 club
 i - a +0 dagger
 v - a +2 dagger of venom (weapon)
Missiles
 x - a throwing net (quivered)
 z - 8 javelins
Armour
 s - a +0 robe
 C - a +0 leather armour (worn)
 E - a +0 ring mail
Jewellery
 w - a ring of positive energy (left hand)
Wands
 y - a wand of paralysis (5/24)
 H - a wand of acid (8/15)
Scrolls
 e - 3 scrolls of remove curse
 g - 4 scrolls of identify
 j - a scroll of noise
 m - a scroll of amnesia
 r - a scroll of magic mapping {unknown}
 t - a scroll of enchant weapon {unknown}
 D - 2 scrolls of enchant armour {unknown}
Potions
 a - 2 potions of lignification {unknown}
 f - 3 potions of curing
 k - 2 potions of heal wounds {unknown}
 l - a potion of flight {unknown}
 n - a potion of magic {unknown}
 o - a potion of might {unknown}
 p - a potion of experience {unknown}
 q - 2 potions of cure mutation {unknown}
 u - 2 potions of ambrosia {unknown}
 A - a potion of degeneration {unknown}
 B - a potion of brilliance {unknown}
 F - a potion of mutation {unknown}
 G - a potion of berserk rage {unknown}
Books
 b - a book of Necromancy

   Spells                             Type                      Level
   a - Pain                           Necromancy                   1
   b - Animate Skeleton               Necromancy                   1
   c - Vampiric Draining              Necromancy                   3
   d - Regeneration                   Charms/Necromancy            3
   e - Animate Dead                   Necromancy                   4
   f - Control Undead                 Necromancy                   4
Comestibles
 c - 6 bread rations
 h - 4 meat rations


   Skills:
 - Level 0.6 Fighting
 + Level 3.0 Dodging
 - Level 1.8 Stealth
 + Level 3.4 Spellcasting
 * Level 6.5 Necromancy
 + Level 2.2 Evocations


You had 2 spell levels left.
You knew the following spells:

 Your Spells              Type           Power        Failure   Level  Hunger
a - Pain                  Necr           ####         1%          1    None
b - Animate Skeleton      Necr           N/A          1%          1    None
c - Vampiric Draining     Necr           ####......   6%          3    ###....
d - Animate Dead          Necr           N/A          17%         4    ####...


Dungeon Overview and Level Annotations

Branches:
Dungeon (4/15)             Temple (1/1) D:4

Altars:
Cheibriados
Dithmenos
Fedhas
Gozag
Hepliaklqana
Kikubaaqudgha
Makhleb
Okawaru
Qazlal
Sif Muna
Trog
Uskayaw
Vehumet
Xom
Yredelemnul
Zin
The Shining One

Annotations:
D:3 Grinder


Innate Abilities, Weirdness & Mutations

Your flesh is cold resistant. (rC+)
You are immune to freezing clouds.


Message History

The hog bites you! x2
* * * LOW HITPOINT WARNING * * *
Casting: Animate Dead
Confirm with . or Enter, or press ? or * to list all spells.
Aiming: Vampiric Draining
Press: ? - help, Shift-Dir - straight line, f - hog
Aim: a hog The hog is lightly wounded.
You feel life coursing into your body. The hog bites you!
* * * LOW HITPOINT WARNING * * *
The hog closely misses you.
Casting: Vampiric Draining
Confirm with . or Enter, or press ? or * to list all spells.
Aiming: Vampiric Draining
Press: ? - help, Shift-Dir - straight line, f/p - hog
Aim: a hog (lightly wounded)
The hog is heavily wounded.
You feel life coursing into your body. The hog bites you!
You die...
Kikubaaqudgha rasps: "You have failed me!
Welcome... death!"

###### +....#######
#....h...%%# .
#....#....%# .
##..####h### ###########.
##..##..hY.#+##...#.......
#....#.....#........#.....
#....#######........#.....
#......ph@..........#.....
#.......h...........#.....
###.###..##'####...##.....
#####..##..###...####'##
#...#...............#
#...#...............#
#...#...............#
#...#...............#
##..##..###.####..###


You could see 2 hogs and a human.

Vanquished Creatures
  A scorpion (D:4)
  A crimson imp (D:4)
  A hound (D:4)
  An orc priest (D:3)
  2 orc wizards
  2 worker ants (D:4)
  4 adders
  An ooze (D:4)
  A dart slug (D:4)
  4 leopard geckos
  10 orcs
  3 ball pythons
  4 giant cockroaches
  6 hobgoblins
  6 jackals (D:2)
  3 quokkas
  9 bats
  2 frilled lizards
  10 goblins
  6 kobolds
  9 rats
86 creatures vanquished.

Vanquished Creatures (collateral kills)
  An adder (D:4)
  A worm (D:2)
  An orc (D:2)
  A goblin (D:3)
  A bat (D:2)
  2 kobolds
  A rat (D:2)
8 creatures vanquished.

Grand Total: 94 creatures vanquished

Notes
Turn   | Place    | Note
-------+----------+-------------------------------------------
     0 | D:1      | ronnoc the Demonspawn Necromancer began the quest for the Orb.
     0 | D:1      | Reached XP level 1. HP: 13/13 MP: 3/3
   234 | D:1      | Gained mutation: Your flesh is cold resistant. (rC+) [demonic ancestry]
   234 | D:1      | Reached XP level 2. HP: 15/19 MP: 0/5
   391 | D:1      | Learned a level 1 spell: Animate Skeleton
   426 | D:1      | Reached skill level 5 in Necromancy
  1400 | D:2      | Reached XP level 3. HP: 9/24 MP: 0/6
  1410 | D:2      | Learned a level 3 spell: Vampiric Draining
  1763 | D:2      | Found a faded altar of an unknown god.
  1763 | D:2      | Found a shadowy altar of Dithmenos.
  1768 | D:2      | Found a faded altar of an unknown god.
  1770 | D:2      | Found a faded altar of an unknown god.
  1772 | D:2      | Found a faded altar of an unknown god.
  2893 | D:2      | Reached XP level 4. HP: 21/30 MP: 3/8
  3850 | D:3      | Gained mutation: You are immune to freezing clouds. [demonic ancestry]
  3850 | D:3      | Reached XP level 5. HP: 33/36 MP: 5/9
  3859 | D:3      | Reached skill level 6 in Necromancy
  4120 | D:3      | Noticed Grinder
  4269 | D:3      | Learned a level 4 spell: Animate Dead
  4584 | D:3      | Paralysed by Grinder for 2 turns
  4704 | D:4      | Reached skill level 1 in Evocations
  4824 | D:4      | Reached XP level 6. HP: 26/42 MP: 3/10
  5290 | D:4      | Found a staircase to the Ecumenical Temple.
  5303 | Temple   | Entered the Ecumenical Temple
  5402 | Temple   | Became a worshipper of Kikubaaqudgha
  5561 | D:4      | You fall through a shaft for 3 floors!
  5598 | D:7      | Noticed a human
  5598 | D:7      | Noticed a hog
  5598 | D:7      | Noticed a hog
  5598 | D:7      | Noticed a yak
  5598 | D:7      | Noticed a hog
  5614 | D:7      | HP: 2/42 [hog (8)]
  5615 | D:7      | Slain by a hog

Skill      XL: |  1  2  3  4  5  6 |
---------------+-------------------+-----
Necromancy     | 5 6 |  6.5
Dodging        | 2 3 |  3.0
Spellcasting   | 3 |  3.4
Evocations     | 1 2 |  2.2
Fighting       | |  0.6
Stealth        | |  1.8

Action                   |  1- 3 |  4- 6 || total
-------------------------+-------+-------++-------
Melee: Club              |     4 |       ||     4
       Dagger            |    34 |    87 ||   121
Throw: Throwing net      |       |     1 ||     1
 Cast: Pain              |    80 |    52 ||   132
       Animate Skeleton  |     9 |    11 ||    20
       Vampiric Draining |     3 |    10 ||    13
       Animate Dead      |       |     2 ||     2
  Use: Potion            |     3 |       ||     3
       Scroll            |       |     4 ||     4
 Stab: Distracted        |       |     1 ||     1
  Eat: Chunk             |     6 |     8 ||    14
       Beef jerky        |     1 |     1 ||     2
Armor: Robe              |    13 |     1 ||    14
       Leather armour    |       |    18 ||    18
Dodge: Dodged            |    67 |    68 ||   135
